 Dungeon Crawl Stone Soup version 0.24.0-13-gcf9b319 (webtiles) character file.

Game seed: 15562511968824531262, levelgen mode: deterministic

307 Fang the Skirmisher (level 6, 0/39 HPs)
             Began as a Gargoyle Berserker on Dec 11, 2019.
             Was a Believer of Trog.
             Killed by divine providence
             ... invoked by an orc priest
              (8 damage)
             ... on level 4 of the Dungeon.
             The game lasted 00:03:11 (3102 turns).

Fang the Skirmisher (Gargoyle Berserker)            Turns: 3102, Time: 00:03:12

Health: 0/39       AC:  9    Str: 22    XL:     6   Next: 40%
Magic:  6/6        EV: 12    Int:  8    God:    Trog [**....]
Gold:   192        SH:  0    Dex:  9    Spells: 5/5 levels left

rFire    . . .     SeeInvis .   a - +0 war axe
rCold    . . .     Gourm    .   (no shield)
rNeg     + . .     Faith    .   b - +0 animal skin
rPois    ∞         Spirit   .   (no helmet)
rElec    +         Reflect  .   (no cloak)
rCorr    .         Harm     .   f - +2 pair of gloves
MR       ++...                  (no boots)
Stlth    +.........             (no amulet)
HPRegen  1.13/turn              (no ring)
MPRegen  0.10/turn              (no ring)

@: berserk cooldown, regenerating, slowed, very slow
A: negative energy resistance 1, electricity resistance, unbreathing,
petrification resistance, rot immunity, AC +4
a: Berserk, Trog's Hand, Renounce Religion


You were on level 4 of the Dungeon.
You worshipped Trog.
Trog was pleased with you.
You were very hungry.

You visited 1 branch of the dungeon, and saw 4 of its levels.

You collected 192 gold pieces.

Inventory:

Hand Weapons
 a - a +0 war axe (weapon)
Armour
 b - a +0 animal skin (worn)
 f - a +2 pair of gloves (worn)
Scrolls
 h - 2 scrolls of fear {unknown}
 i - 5 scrolls of identify {unknown}
 l - a scroll of blinking {unknown}
 m - a scroll of magic mapping {unknown}
 p - 2 scrolls of remove curse {unknown}
 q - a scroll of amnesia {unknown}
 s - 3 scrolls of fog {unknown}
Potions
 d - a potion of flight {unknown}
 e - 2 potions of mutation {unknown}
 g - 3 potions of might {unknown}
 k - 2 potions of curing {unknown}
 n - a potion of brilliance {unknown}
 o - a potion of cancellation {unknown}
 r - 2 potions of agility {unknown}
 t - a potion of degeneration {unknown}
Comestibles
 c - 9 rations
 j - a chunk of flesh


   Skills:
 + Level 4.7 Fighting
 + Level 3.9 Axes
 + Level 4.1 Armour
 + Level 2.9 Dodging


You had 5 spell levels left.
You didn't know any spells.
Your spell library was empty.

Dungeon Overview and Level Annotations

Branches:
Dungeon (4/15)
 Temple: D:4-7

Altars:
Hepliaklqana
Kikubaaqudgha
Nemelex Xobeh
Okawaru
Trog
Wu Jian
Xom
Zin


Innate Abilities, Weirdness & Mutations

You are resistant to torment.
Your stone body is resilient. (AC +4)
You are immune to poison.
You resist negative energy. (rN+)
You are resistant to electric shocks. (rElec)
You can survive without breathing.
You are immune to petrification.
You are immune to rotting.


Message History

Things that are here:
a +0 club; an orc corpse You feel a strong urge to attack something.
Found 11 stones and a smoky green potion.
The orc priest hits you with a +0 flail.
* * * LOW HITPOINT WARNING * * *
Found 8 stones.
You completely miss the orc priest. You slash the orc!
You kill the orc!
Trog accepts your kill.
You slash the quokka skeleton!
You destroy the quokka skeleton!
Trog accepts your kill.
You are no longer berserk.
You are exhausted.
You feel yourself slow down.
You barely miss the orc priest.
The orc priest mumbles some strange prayers to Beogh against you.
Beogh smites you!
You die...

#........# #?.......#
#.$......# #........#
#........##
##.........######
##.......†.......####
......).)o.#####....#
.......@o### ####.##
......%......######..###
..........##(...........
..........# ###########
........... ##.
.(.......##. #########..
.!?.....## #............
##.....## #########...
#...


You could see an orc priest and an orc.

Vanquished Creatures
  2 orc priests
  3 orc wizards
  2 worker ants (D:4)
  4 adders
  An ooze (D:2)
  4 worms
  A leopard gecko (D:2)
  7 orcs
  6 giant cockroaches
  7 goblins
  4 hobgoblins
  5 ball pythons
  5 bats
  5 frilled lizards
  7 kobolds
  A quokka skeleton (D:4)
  8 rats
72 creatures vanquished.

Notes
Turn   | Place    | Note
-------+----------+-------------------------------------------
     0 | D:1      | Fang the Gargoyle Berserker began the quest for the Orb.
     0 | D:1      | Reached XP level 1. HP: 14/14 MP: 1/1
   170 | D:1      | Reached XP level 2. HP: 18/19 MP: 2/2
   850 | D:1      | Reached XP level 3. HP: 24/24 MP: 3/3
   952 | D:2      | Reached ** piety under Trog
  1164 | D:2      | Found an iron altar of Okawaru.
  1170 | D:2      | Found an ancient bone altar of Kikubaaqudgha.
  1178 | D:2      | Found a bloodstained altar of Trog.
  1387 | D:2      | Reached XP level 4. HP: 29/29 MP: 4/4
  1445 | D:2      | Found a hazy altar of Hepliaklqana.
  1726 | D:3      | Found an ornate altar of the Wu Jian Council.
  1746 | D:3      | Reached XP level 5. HP: 21/33 MP: 5/5
  2565 | D:3      | Found a sparkling altar of Nemelex Xobeh.
  2824 | D:4      | Reached *** piety under Trog
  2872 | D:4      | Reached XP level 6. HP: 26/39 MP: 6/6
  3014 | D:4      | Found a shimmering altar of Xom.
  3020 | D:4      | Noticed an angel
  3022 | D:4      | Found a glowing silver altar of Zin.
  3102 | D:4      | Killed from afar by an orc priest

Levels and vault maps discovered:
D:1:      noname_arrival_rooms_in_the_neighbourhood, layout_basic
D:2:      layout_loops_ring, lemuel_crystal_altar,
          minmay_overflow_temple_star_quad, kennysheep_doodads,
          chequers_mini_garden, serial_park_tiny_2
D:3:      layout_basic, overflow_temple_1_default, first_ration,
          serial_co_window_serial, co_window_of_opportunity_a,
          co_window_corner_a, co_window_corner_a, co_window_corner_a,
          co_window_paths_a, co_window_broadway_b, co_window_cross_2,
          co_window_broadway_b, co_window_sun, glass_columns_a, glass_columns_c,
          glass_columns_c, glass_columns_b, nemelex_diamond_rough_becter
D:4:      layout_rooms, grunt_temple_overflow_order_and_chaos_1,
          nicolae_overflow_hidden_temple

Skill      XL: |  1  2  3  4  5  6 |
---------------+-------------------+-----
Axes           | 3 |  3.9
Dodging        | 2 |  2.9
Armour         | 3 4 |  4.1
Fighting       | 4 |  4.7

Action                   |  1- 3 |  4- 6 || total
-------------------------+-------+-------++-------
Melee: Hand axe          |   119 |    94 ||   213
       War axe           |       |    24 ||    24
Invok: Berserk           |       |     3 ||     3
       Trog's Hand       |       |     3 ||     3
 Stab: Sleeping          |       |     1 ||     1
  Eat: Chunk             |     2 |     5 ||     7
       Ration            |       |     1 ||     1
Armor: Animal skin       |    75 |    51 ||   126
Dodge: Dodged            |    80 |    73 ||   153
